 Dungeon Crawl Stone Soup version 0.22-a0-430-g6609fc6 (webtiles) character file.

19926 suicidejoker the Archer (level 12, -1/70 HPs)
             Began as a Gargoyle Gladiator on May 27, 2018.
             Was an Initiate of Gozag.
             Killed from afar by Frances (24 damage)
             ... with a shard of ice
             ... on level 13 of the Dungeon.
             The game lasted 00:30:50 (12903 turns).

suicidejoker the Archer (Gargoyle Gladiator)       Turns: 12903, Time: 00:30:51

Health: -1/70      AC: 30    Str: 24    XL:     12   Next: 74%
Magic:  17/17      EV:  8    Int: 13    God:    Gozag
Gold:   1114       SH: 10    Dex: 15    Spells: 10/18 levels left

rFire    + . .     SeeInvis +   a - +8 spear of the Invisible Demons {flame, Int+4}
rCold    + + .     Gourm    .   P - +0 shield
rNeg     + . .     Faith    .   l - +0 plate armour
rPois    ∞         Spirit   .   p - +2 hat {SInv}
rElec    +         Reflect  .   M - +2 cloak {+Inv}
rCorr    +         Harm     +   Q - +0 pair of gloves
MR       +....                  y - +2 pair of boots
Stlth    ..........             x - amulet of harm
HPRegen  0.21/turn              i - ring of protection from magic
MPRegen  0.15/turn              U - ring of protection from cold

@: mighty, resistant, berserk cooldown, hasted and slowed
A: negative energy resistance 1, electricity resistance, unbreathing,
petrification resistance, rot immunity, AC +8
a: Potion Petition, Call Merchant, Bribe Branch, Renounce Religion, Evoke
Invisibility


You were on level 13 of the Dungeon.
You worshipped Gozag.
Gozag was most pleased with you.
You were not hungry.

You visited 2 branches of the dungeon, and saw 14 of its levels.

You collected 2389 gold pieces.
You spent 440 gold pieces at shops.
You paid 835 gold pieces to Gozag.

Inventory:

Hand Weapons
 a - the +8 spear of the Invisible Demons (weapon) {flame, Int+4}
   (You found it on level 9 of the Dungeon)

   It has been specially enchanted to burn those struck by it, causing extra
   injury to most foes and up to half again as much damage against particularly
   susceptible opponents.
   It affects your intelligence (+4).
 b - a +1 shortbow
 o - a +3 hand axe
 s - a +1 antimagic hand axe
 A - a +0 long sword
 C - a +2 dagger of venom
 D - the +6 falchion "Dyqe" {slice, Stlth+}
   (You bought it in a shop on level 10 of the Dungeon)

   It inflicts extra damage upon your enemies.
   It makes you more stealthy.
 H - a +2 falchion of slicing
Missiles
 j - 191 arrows
 G - 62 bolts
 J - 7 silver tomahawks (quivered)
 R - 13 tomahawks
Armour
 l - a +0 plate armour (worn)
 p - a +2 hat of see invisible (worn)
 y - a +2 pair of boots (worn)
 M - a +2 cloak of invisibility (worn)
 P - a +0 shield (worn)
 Q - a +0 pair of gloves (worn)
Jewellery
 c - an uncursed amulet of the acrobat
 e - an uncursed ring of see invisible
 i - a ring of protection from magic (left hand)
 w - an uncursed amulet of rage {unknown}
 x - an amulet of harm (around neck)
 I - a +1 ring of evasion
 S - an uncursed ring of wizardry
 T - an uncursed ring of flight
 U - a ring of protection from cold (right hand)
Wands
 d - a wand of random effects (19)
 K - a wand of flame (86)
Scrolls
 k - 7 scrolls of remove curse
 m - a scroll of blinking
 n - 3 scrolls of immolation
 t - a scroll of fear
 u - 4 scrolls of identify
 E - a scroll of enchant weapon
 L - a scroll of enchant armour
Potions
 g - 4 potions of flight
 h - 2 potions of brilliance
 q - 2 potions of agility
 r - 2 potions of curing
 v - 4 potions of magic
 B - a potion of invisibility
 F - a potion of ambrosia
 O - a potion of lignification
Comestibles
 f - 11 rations


   Skills:
 + Level 6.0 Fighting
 - Level 5.6(6.9) Short Blades
 - Level 6.2(7.2) Long Blades
 * Level 3.7 Polearms
 + Level 9.2 Bows
 - Level 1.7 Throwing
 + Level 5.4 Armour
 * Level 6.7 Dodging
 + Level 8.3 Stealth
 + Level 2.9 Shields
 * Level 3.5 Spellcasting
 * Level 3.4 Summonings
 * Level 6.8 Evocations


You had 10 spell levels left.
You knew the following spells:

 Your Spells              Type           Power        Failure   Level  Hunger
a - Summon Small Mammal   Summ           ##..         98%         1    #......
b - Monstrous Menagerie   Summ           ##........   100%        7    #######

Your spell library contained the following spells:

 Spells                   Type           Power        Failure   Level  Hunger
 Magic Dart               Conj           #...         100%        1    #......
 Fireball                 Conj/Fire      #.........   100%        5    ######.
 Apportation              Tloc           #.....       100%        1    #......
 Bolt of Fire             Conj/Fire      #.........   100%        6    #######
 Ring of Flames           Chrm/Fire      #.........   100%        7    #######
 Iskenderun's Mystic Bla  Conj           #.......     100%        4    #####..
 Summon Horrible Things   Summ           ##........   100%        8    #######
 Animate Skeleton         Necr           N/A          100%        1    #......
 Summon Greater Demon     Summ           ##........   100%        7    #######
 Confusing Touch          Hex            #.....       100%        1    #......
 Ignite Poison            Fire/Tmut/Pois #.......     100%        3    ###....
 Malign Gateway           Summ/Tloc      #.........   100%        7    #######
 Fulminant Prism          Conj/Hex       #.........   100%        4    #####..
 Dazzling Spray           Conj/Hex       #.....       100%        3    ###....
 Force Lance              Conj/Tloc      #.......     100%        4    #####..
 Searing Ray              Conj           #.....       100%        2    ##.....
 Ignition                 Fire           #.........   100%        8    #######


Dungeon Overview and Level Annotations

Branches:
Dungeon (13/15)            Temple (1/1) D:6            Lair (0/6) D:9
    Orc (0/2) D:9
 Vaults: D:13-14

Altars:
Dithmenos
Fedhas
Gozag
Sif Muna
Trog

Shops:
D:9 ?   D:10 (

Annotations:
D:13 Frances


Innate Abilities, Weirdness & Mutations

You are resistant to torment.
Your stone body is resilient. (AC +8)
You are immune to poison.
You resist negative energy. (rN+)
You are resistant to electric shocks. (rElec)
You can survive without breathing.
You are immune to petrification.
You are immune to rotting.


Message History

You are exhausted.
You feel yourself slow down.
The red devil hits you but does no damage.
Frances is distracted by the nearby gold.
Okay, then.
You feel better.
The ice devil hits you but does no damage.
The red devil hits you but does no damage.
You barely miss Frances.
Frances is no longer distracted by gold.
Frances is severely wounded.
The ice devil hits you but does no damage.
Frances hits you but does no damage. The red devil barely misses you.
You puncture Frances! You burn Frances.
Frances is severely wounded.
You block the ice devil's attack.
Frances chants phrases taken from a devil's mouth.
The shard of ice hits you! You partially resist.
You die...
Your body crumbles into a pile of gold.

#.......# ....
#.......# ....
#.......# .....
#.......#
.....######.......####.
.......................
........4......C.......
.......4@$.$($....$....
.......@$######....###
#......$.# #....#
#......$$# #<...#
#........# #....#
#........# #....#
#........# #......
#...!..... ....####
.......... ....#
......... ....#


You could see Frances, an ice devil and a red devil.

Vanquished Creatures
  Gastronok (D:9)
  A hydra (D:13)
  5 two-headed ogres
  2 unseen horrors
  Pikel (D:7)
  An ugly thing (D:13)
  2 cyclopes
  6 trolls
  4 hippogriffs
  A wraith (D:11)
  9 yaks
  A wyvern (D:12)
  A steam dragon (D:12)
  3 vampire mosquitoes (D:12)
  3 hungry ghosts
  A soldier ant (D:10)
  A soldier ant (shapeshifter) (D:10)
  A water moccasin (D:7)
  2 porcupines (D:9)
  3 orc warriors
  3 sky beasts
  6 ice beasts
  2 slaves (D:7)
  4 black bears (D:9)
  An eye of draining (D:10)
  8 centaurs
  5 ogres
  5 phantoms
  4 crocodiles (D:9)
  A big kobold (D:12)
  9 bullfrogs
  A wyvern zombie (D:6)
  6 scorpions
  A wyvern skeleton (D:10)
  14 killer bees
  4 wights (D:8)
  3 howler monkeys
  4 crimson imps
  8 hounds
  A quasit (D:9)
  4 orc priests
  8 orc wizards
  Crazy Yiuf (D:4)
  A centaur skeleton (D:9)
  11 jellies
  2 bullfrog skeletons
  Jessica (D:2)
  2 iguanas
  9 worker ants
  2 hound zombies
  A howler monkey skeleton (D:7)
  3 gnolls (D:6)
  14 adders
  2 shadow imps
  6 oozes
  2 adder skeletons
  2 dart slugs
  3 worms
  A leopard gecko (D:10)
  35 orcs
  2 ball pythons
  8 bats
  6 giant cockroaches
  10 hobgoblins
  11 jackals
  11 kobolds
  4 frilled lizards
  10 goblins
  9 rats
320 creatures vanquished.

Notes
Turn   | Place    | Note
-------+----------+-------------------------------------------
     0 | D:1      | suicidejoker the Gargoyle Gladiator began the quest for the Orb.
     0 | D:1      | Reached XP level 1. HP: 12/12 MP: 1/1
   141 | D:1      | Reached XP level 2. HP: 17/17 MP: 2/2
   246 | D:1      | Reached skill level 1 in Armour
   246 | D:1      | Reached XP level 3. HP: 22/22 MP: 3/3
   837 | D:2      | Found a shadowy altar of Dithmenos.
   837 | D:2      | Noticed Jessica
   849 | D:2      | Killed Jessica
   849 | D:2      | Reached XP level 4. HP: 16/27 MP: 4/4
  1407 | D:2      | Noticed a phantom
  1453 | D:2      | Killed a phantom
  1453 | D:2      | Reached XP level 5. HP: 8/32 MP: 5/5
  2113 | D:3      | Reached XP level 6. HP: 37/37 MP: 6/6
  2996 | D:4      | Noticed a phantom
  3038 | D:4      | Killed a phantom
  3121 | D:4      | Found a runed door.
  3125 | D:4      | Noticed Crazy Yiuf
  3137 | D:4      | Killed Crazy Yiuf
  3486 | D:4      | Reached XP level 7. HP: 37/42 MP: 7/7
  3829 | D:5      | Entered Level 5 of the Dungeon
  4154 | D:5      | Reached skill level 5 in Long Blades
  4782 | D:6      | Found a staircase to the Ecumenical Temple.
  4786 | D:6      | Reached XP level 8. HP: 37/48 MP: 8/8
  4808 | Temple   | Entered the Ecumenical Temple
  4825 | Temple   | Became a worshipper of Gozag Ym Sagoz the Greedy
  4873 | D:6      | Reached skill level 5 in Dodging
  5098 | D:6      | Found a deep blue altar of Sif Muna.
  5555 | D:6      | Reached skill level 5 in Fighting
  5664 | D:6      | Reached skill level 1 in Bows
  5799 | D:6      | Reached skill level 2 in Bows
  5871 | D:6      | Reached skill level 3 in Bows
  5871 | D:6      | Reached XP level 9. HP: 54/54 MP: 9/9
  6407 | D:7      | Learned a level 1 spell: Summon Small Mammal
  6415 | D:7      | Learned a level 7 spell: Monstrous Menagerie
  6448 | D:7      | Reached skill level 4 in Bows
  6718 | D:7      | Noticed Pikel
  6762 | D:7      | Killed Pikel
  6762 | D:7      | Reached skill level 6 in Bows
  7186 | D:8      | Reached skill level 7 in Bows
  7348 | D:8      | Noticed a cyclops
  7360 | D:8      | Killed a cyclops
  7360 | D:8      | Reached skill level 8 in Bows
  7574 | D:8      | Reached XP level 10. HP: 59/59 MP: 10/10
  7658 | D:8      | Noticed a two-headed ogre
  7669 | D:8      | Killed a two-headed ogre
  8586 | D:9      | Reached skill level 5 in Stealth
  8764 | D:9      | Found a staircase to the Lair.
  8911 | D:9      | Reached XP level 11. HP: 33/63 MP: 11/14
  9033 | D:9      | Found a staircase to the Orcish Mines.
  9046 | D:9      | Reached skill level 5 in Short Blades
  9046 | D:9      | Reached skill level 5 in Evocations
  9163 | D:9      | Found Arrum's Magic Scroll Shoppe.
  9168 | D:9      | Bought a scroll of immolation for 56 gold pieces
  9168 | D:9      | Bought a scroll of enchant armour for 120 gold pieces
  9339 | D:9      | Noticed Gastronok
  9367 | D:9      | Killed Gastronok
  9801 | D:9      | Got a fine spear
  9802 | D:9      | Identified the +8 spear of the Invisible Demons {flame, Int+4} (You found it on level 9 of the Dungeon)
  9829 | D:10     | Entered Level 10 of the Dungeon
  9829 | D:10     | Found a blossoming altar of Fedhas.
  9989 | D:10     | Reached skill level 1 in Polearms
 10107 | D:10     | Found Uwne's Antique Weapon Shop.
 10131 | D:10     | Bought a steaming falchion for 264 gold pieces
 10131 | D:10     | Identified the +6 falchion "Dyqe" {slice, Stlth+} (You bought it in a shop on level 10 of the Dungeon)
 10860 | D:11     | Noticed an unseen horror
 10874 | D:11     | Reached skill level 1 in Spellcasting
 10883 | D:11     | Killed an unseen horror
 10883 | D:11     | Reached skill level 1 in Summonings
 10967 | D:11     | Reached skill level 1 in Shields
 11434 | D:11     | Reached XP level 12. HP: 60/68 MP: 16/16
 11791 | D:12     | Noticed a two-headed ogre
 11804 | D:12     | Killed a two-headed ogre
 11804 | D:12     | Reached skill level 9 in Bows
 11804 | D:12     | Reached skill level 5 in Armour
 12249 | D:12     | Noticed a two-headed ogre
 12261 | D:12     | Killed a two-headed ogre
 12559 | D:12     | Noticed a two-headed ogre
 12567 | D:12     | Killed a two-headed ogre
 12823 | D:13     | Noticed an eight-headed hydra
 12831 | D:13     | Killed an eight-headed hydra
 12859 | D:13     | Noticed a two-headed ogre
 12879 | D:13     | Killed a two-headed ogre
 12884 | D:13     | Noticed Frances
 12903 | D:13     | Killed from afar by Frances

Vault maps used:
D:1:      dpeg_arrival_leaves_temple_mockup
D:2:      wad_crossroads, first_ration,
          nicolae_dithmenos_through_a_glass_darkly, uniq_jessica
D:4:      uniq_crazy_yiuf_cottage
D:6:      kennysheep_mini_moat, minmay_temple_entry_purple_smoke
D:7:      hangedman_decor_points, uniq_pikel
D:8:      hangedman_little_slice_of_home
D:9:      minmay_lair_entry_grove, serial_shops, kennysheep_little_box,
          uniq_gastronok
D:10:     serial_shops, nicolae_shop_waterfront, fedhas_altar_fruit_tree
D:13:     david_vaults_5, uniq_snorg, uniq_frances
Temple:   roderic_octagonal_lattice_temple

Skill      XL: |  1  2  3  4  5  6  7  8  9 10 11 12 |
---------------+-------------------------------------+-----
Long Blades    | 3 4 5 6 |  6.2
Armour         | 1 2 3 4 5 |  5.4
Dodging        | 3 4 5 6 |  6.7
Fighting       | 3 4 5 6 |  6.0
Bows           | 3 8 9 |  9.2
Short Blades   | 4 5 |  5.6
Stealth        | 6 7 8 |  8.3
Evocations     | 4 6 |  6.8
Polearms       | 2 3 |  3.7
Spellcasting   | 2 3 |  3.5
Summonings     | 2 3 |  3.4
Shields        | 1 2 |  2.9
Throwing       | |  1.7

Action                   |  1- 3 |  4- 6 |  7- 9 | 10-12 || total
-------------------------+-------+-------+-------+-------++-------
Melee: Long sword        |   102 |   213 |    80 |       ||   395
       Hand axe          |       |    23 |    97 |       ||   120
       Dagger            |       |       |    38 |    55 ||    93
       Unarmed           |       |       |     3 |       ||     3
       Spear             |       |       |       |   454 ||   454
 Fire: Shortbow          |       |       |   262 |   377 ||   639
Throw: Throwing net      |       |       |     2 |     5 ||     7
       Tomahawk          |       |       |       |     1 ||     1
Invok: Potion Petition   |       |       |       |     2 ||     2
 Abil: Evoke Invisibilit |       |       |       |     1 ||     1
Evoke: Wand              |       |       |       |     8 ||     8
  Use: Potion            |       |     4 |     3 |     8 ||    15
       Scroll            |       |       |     5 |    15 ||    20
 Stab: Invisible         |       |       |       |     6 ||     6
       Distracted        |       |       |       |     1 ||     1
       Held in net/web   |       |       |       |     1 ||     1
  Eat: Chunk             |       |     5 |     2 |       ||     7
       Ration            |       |     1 |     5 |     9 ||    15
Armor: Leather armour    |    41 |       |       |       ||    41
       Plate armour      |       |   182 |   323 |   632 ||  1137
Dodge: Dodged            |    78 |    74 |   166 |   289 ||   607
Block: Shield            |       |       |       |   177 ||   177
       Rpst.: Long sword |    27 |    27 |    17 |       ||    71

Table legend:
 A = Spawn XP
 B = Non-spawn XP
 C = Spawn XP percentage of total XP
 D = Spawn monster count
 E = Non-spawn monster count
 F = Spawn count percentage of total count
 G = Total turns spent on level
                    A         B        C        D         E        F      G
               +---------+---------+-------+---------+---------+-------+---------
         Total |       0 |   28466 |   0.0 |       0 |     318 |   0.0 | 12903
               +---------+---------+-------+---------+---------+-------+---------
           D:1 |       0 |      63 |   0.0 |       0 |      36 |   0.0 |   801
           D:2 |       0 |     191 |   0.0 |       0 |      17 |   0.0 |  1202
           D:3 |       0 |     115 |   0.0 |       0 |      30 |   0.0 |  1150
           D:4 |       0 |     337 |   0.0 |       0 |       9 |   0.0 |   923
           D:5 |       0 |     341 |   0.0 |       0 |      11 |   0.0 |   836
           D:6 |       0 |    1337 |   0.0 |       0 |      25 |   0.0 |  1396
           D:7 |       0 |    1066 |   0.0 |       0 |       8 |   0.0 |   810
           D:8 |       0 |    3744 |   0.0 |       0 |      49 |   0.0 |  1315
           D:9 |       0 |    5502 |   0.0 |       0 |      32 |   0.0 |  1364
          D:10 |       0 |    2004 |   0.0 |       0 |      29 |   0.0 |  1031
          D:11 |       0 |    4074 |   0.0 |       0 |      25 |   0.0 |   777
          D:12 |       0 |    5771 |   0.0 |       0 |      32 |   0.0 |  1178
          D:13 |       0 |    3921 |   0.0 |       0 |      15 |   0.0 |    88
               +---------+---------+-------+---------+---------+-------+---------
